 Dungeon Crawl Stone Soup version 0.17.1-2-g5865329 (webtiles) character file.

57920 emiel the Unseen (level 14, -5/94 HPs)
             Began as an Octopode Gladiator on Feb 14, 2016.
             Was the Champion of Cheibriados.
             Killed from afar by a mature shockox beast (29 damage)
             ... with a living lightning
             ... summoned by the player character
             ... on level 4 of the Orcish Mines.
             The game lasted 00:48:46 (9024 turns).

emiel the Unseen (Octopode Gladiator)               Turns: 9024, Time: 00:48:46

Health: -5/94      AC:  3    Str: 31    XL:     14   Next: 88%
Magic:  8/21       EV: 24    Int: 25    God:    Cheibriados [******]
Gold:   1835       SH: 15    Dex: 31    Spells: 5 memorised, 6 levels left

rFire  . . .     SeeInvis +     r - +5 rapier (elec)
rCold  + . .     Clarity  .     W - +0 shield
rNeg   . . .     SustAt   .     b - +2 hat
rPois  .         Gourm    .     (no amulet)
rElec  .         Spirit   .     A - ring of see invisible
rCorr  .         Warding  .     (no ring)
rMut   .         Stasis   .     (no ring)
MR     +....                    (no ring)
Stlth  +++++++++.               (no ring)
                                (no ring)
                                (no ring)
                                (no ring)

@: about to teleport, very slow, somewhat resistant to hostile enchantments,
incredibly stealthy
A: almost no armour, amphibious, 8 rings, constrict 8, camouflage 1, cold
resistance 1, gelatinous body 1
a: Bend Time, Temporal Distortion, Slouch, Step From Time, Renounce Religion


You were on level 4 of the Orcish Mines.
You worshipped Cheibriados.
Cheibriados was exalted by your worship.
You were full.

You visited 3 branches of the dungeon, and saw 24 of its levels.
You also visited: Volcano.

You collected 1835 gold pieces.

Inventory:

Hand Weapons
 p - a +1 triple sword of holy wrath
 r - a +5 rapier of electrocution (weapon)
 D - the +7 falchion "Okashok" {elec, Int+2}
   (You found it on level 2 of the Lair of Beasts)

   Occasionally, upon striking a foe, it will discharge some electrical energy
   and cause terrible harm.
   It affects your intelligence (+2).
 H - a +0 scimitar
 U - a +0 blowgun
Missiles
 c - 4 throwing nets (quivered)
 j - 19 tomahawks
 s - 6 javelins
 L - 11 steel tomahawks
Armour
 b - a +2 hat (worn)
 W - a +0 shield (worn)
Magical Staves
 Q - an uncursed staff of wizardry
Rods
 T - a +0 rod of inaccuracy (12/12)
   (You found it on level 1 of the Lair of Beasts)
Jewellery
 a - an uncursed ring of ice
 l - an uncursed ring of fire
 y - an uncursed amulet of resist mutation
 A - a ring of see invisible (left tentacle)
 J - an uncursed amulet of stasis
 Z - the ring of Jeinwyla {+/*Tele rElec rC+ Str+2}
   (You found it on level 3 of the Lair of Beasts)

   [ring of teleportation]

   It may teleport you next to monsters, and can be evoked to randomly teleport.
   It affects your strength (+2).
   It protects you from cold.
   It insulates you from electricity.
Wands
 x - a wand of digging (8)
 z - a wand of enslavement (5)
 I - a wand of cold (4)
 N - a wand of confusion (9)
 O - a wand of fireball (9)
 P - a wand of teleportation (2)
Scrolls
 e - a scroll of blinking
 n - 2 scrolls of fear
 o - a scroll of holy word
 q - 3 scrolls of enchant armour
 t - 2 scrolls of amnesia
 E - a scroll of teleportation
 F - 4 scrolls of immolation
 K - 3 scrolls of magic mapping
 R - 4 scrolls of remove curse
 Y - a scroll of vulnerability
Potions
 f - 5 potions of might
 g - 6 potions of curing
 h - a potion of agility
 i - 2 potions of flight
 v - a potion of magic
 B - a potion of lignification
 C - a potion of resistance
 G - 3 potions of cancellation
 X - a potion of heal wounds
Miscellaneous
 m - a phantom mirror
 u - a box of beasts {used: 2}
 S - a stone of tremors (inert)
 V - a lamp of fire (inert)
Comestibles
 d - 6 bread rations
 k - 8 beef jerkies
 w - 12 meat rations
 M - 9 royal jellies


   Skills:
 + Level 8.2 Fighting
 + Level 9.6 Long Blades
 - Level 2.0 Throwing
 + Level 10.2 Dodging
 + Level 15.0 Stealth
 * Level 9.6 Shields
 - Level 5.0 Spellcasting
 + Level 6.6 Translocations
 - Level 7.9 Air Magic
 - Level 6.0 Invocations
 + Level 5.8 Evocations


You had 6 spell levels left.
You knew the following spells:

 Your Spells              Type           Power        Failure   Level  Hunger
a - Repel Missiles        Chrm/Air       ####..       6%          2    None
b - Blink                 Tloc           N/A          1%          2    None
c - Mephitic Cloud        Conj/Pois/Air  ###.....     21%         3    ##.....
d - Aura of Abjuration    Summ           #.........   100%        5    #####..
e - Phase Shift           Tloc           #####.....   34%         5    #####..


Dungeon Overview and Level Annotations

Branches:
Dungeon (12/15)              Lair (8/8) D:9          Shoals (0/4) Lair:6
    Orc (4/4) D:10
 Temple: D:4-7        Snake: Lair:3-6    Spider: Lair:3-6     Slime: Lair:6-8
    Elf: Orc:3-4

Altars:
Cheibriados
Dithmenos
Fedhas
Makhleb
Xom
Beogh

Annotations:
D:6 Grinder
Lair:8 exclusion: oklob plant


Innate Abilities, Weirdness & Mutations

You cannot wear most types of armour.
You are amphibious.
You can wear up to eight rings at the same time.
You can use your tentacles to constrict eight enemies at once.
Your skin changes colour to match your surroundings (Stealth).
Your rubbery body absorbs attacks (AC +1).
Your flesh is cold resistant.


Message History

The orc priest calls upon Beogh to heal the orc knight.
The orc knight is healed somewhat.
Your juvenile firebat beast is engulfed in noxious fumes.
Your juvenile firebat beast hits the orc knight.
Read which item? (? for menu, Esc to quit)
You cannot teleport because you are wearing an amulet of stasis.
Unknown command.
Remove which piece of jewellery? (? for menu, Esc to quit)
You remove your amulet of stasis.
Read which item? (? for menu, Esc to quit)
Blink to where?
Press: ? - help, Dir - move target cursor, f - you
Okay, then.
Unknown command.
Read which item? (? for menu, Esc to quit)
As you read the scroll of teleportation, it crumbles to dust.
You feel strangely unstable.
The mature shockox beast bursts into living lightning!
The living lightning hits you!
You die...

.. ##.............##....)...
§o #...............#........
#.#.#.#.#.#.#.#[#.#.#........
...).o..E.....[)....).......
#.#..........[[)...))......
o[)....o.........)........
#)#.#§#.#.#.#÷#.#........
#.)..o..........#........
##.)§oHH@..[...##........
###...o...).####........
###.....### #........ #######
#........ ##########......
...............
.............. #.#..........
##.#.........


You could see a mature shockox beast, 2 orc knights, an orc high priest, an orc
warrior, an orc priest, a friendly juvenile firebat beast and a friendly earth
elemental.

Vanquished Creatures
  Fannar (Lair:3)
  4 hydras
  A catoblepas (Lair:8)
  6 death yaks (Lair:8)
  A deep troll shaman (Lair:8)
  Urug (Orc:1)
  4 orc knights (Orc:4)
  A griffon (Lair:8)
  3 toenail golems (Volcano)
  11 elephants
  7 black mambas
  3 torpor snails (Lair:5)
  7 spiny frogs
  A fire drake (Lair:6)
  5 komodo dragons
  4 blink frogs (Lair:5)
  A two-headed ogre (D:9)
  3 basilisks
  6 humans (Volcano)
  10 hippogriffs
  Grum (Lair:1)
  2 wyverns
  A hungry ghost (D:8)
  31 yaks
  3 porcupines
  2 wargs
  12 water moccasins
  A soldier ant (D:8)
  An ice beast (D:6)
  16 orc warriors
  35 wolves
  A wasp (D:8)
  10 ogres
  A sky beast (D:8)
  A centaur (D:7)
  A spider (D:8)
  10 crocodiles
  A wyvern zombie (D:6)
  12 giant frogs
  3 scorpions
  A water moccasin skeleton (D:6)
  8 wights (D:10)
  A centaur zombie (D:10)
  An electric eel (Lair:7)
  4 crimson imps
  5 hounds
  4 jellies
  27 orc priests
  Crazy Yiuf (D:3)
  15 orc wizards
  2 centaur skeletons
  6 iguanas
  2 worker ants (D:8)
  8 sheep (Lair:6)
  A hound zombie (D:6)
  2 hound skeletons
  A worker ant zombie (D:8)
  5 adders
  33 river rats
  4 gnolls (D:5)
  4 shadow imps
  An ooze (D:2)
  An adder skeleton (D:7)
  3 giant geckos
  129 orcs
  A giant cockroach (D:5)
  4 hobgoblins
  3 quokkas
  6 bats
  A giant newt (D:1)
  3 goblins
  6 jackals
  9 kobolds
  3 rats
  A butterfly (Lair:1)
  2 fungi
533 creatures vanquished.

Vanquished Creatures (collateral kills)
  An orc high priest (Orc:4)
  3 orc knights (Orc:4)
  2 orc warriors (Orc:4)
6 creatures vanquished.

Vanquished Creatures (others)
  A river rat (Lair:6)
  3 fungi
  2 plants
6 creatures vanquished.

Grand Total: 545 creatures vanquished

Notes
Turn   | Place    | Note
--------------------------------------------------------------
     0 | D:1      | emiel the Octopode Gladiator began the quest for the Orb.
     0 | D:1      | Reached XP level 1. HP: 14/14 MP: 1/1
    30 | D:2      | Found a snail-covered altar of Cheibriados.
    39 | D:2      | Became a worshipper of Cheibriados the Contemplative
   157 | D:2      | Reached XP level 2. HP: 19/19 MP: 2/2
   521 | D:2      | Reached * piety under Cheibriados
   552 | D:3      | Reached skill level 4 in Long Blades
   569 | D:3      | Reached XP level 3. HP: 20/24 MP: 3/3
   653 | D:3      | Noticed Crazy Yiuf
   667 | D:3      | Killed Crazy Yiuf
   667 | D:3      | Reached XP level 4. HP: 29/29 MP: 4/4
  1006 | D:3      | Reached skill level 5 in Long Blades
  1006 | D:3      | Reached skill level 1 in Stealth
  1027 | D:3      | Reached ** piety under Cheibriados
  1284 | D:4      | Reached XP level 5. HP: 16/34 MP: 5/5
  1370 | D:4      | Found a burning altar of Makhleb.
  1439 | D:4      | Noticed a sky beast
  1488 | D:5      | Entered Level 5 of the Dungeon
  1488 | D:5      | Found a shimmering altar of Xom.
  1870 | D:6      | Noticed a hippogriff
  1870 | D:6      | Noticed an ogre
  1932 | D:6      | Reached XP level 6. HP: 39/39 MP: 6/6
  1975 | D:6      | Noticed Grinder
  2075 | D:6      | Noticed an ogre
  2088 | D:6      | Noticed an ice beast
  2091 | D:6      | Killed an ogre
  2091 | D:6      | Reached skill level 6 in Long Blades
  2091 | D:6      | Reached XP level 7. HP: 41/45 MP: 7/7
  2094 | D:6      | Killed an ice beast
  2094 | D:6      | Reached skill level 5 in Stealth
  2150 | D:6      | Reached skill level 5 in Dodging
  2166 | D:6      | Reached *** piety under Cheibriados
  2246 | D:6      | Noticed an ogre
  2251 | D:6      | Killed an ogre
  2251 | D:6      | Reached XP level 8. HP: 43/50 MP: 8/8
  2267 | D:6      | Killed a hippogriff
  2275 | D:6      | Killed an ogre
  2275 | D:6      | Reached skill level 7 in Long Blades
  2697 | D:7      | Reached skill level 8 in Stealth
  2792 | D:8      | Reached XP level 9. HP: 42/54 MP: 9/9
  2817 | D:8      | Reached **** piety under Cheibriados
  2871 | D:8      | Reached skill level 1 in Invocations
  2894 | D:8      | Found a blossoming altar of Fedhas.
  2987 | D:8      | Reached skill level 9 in Stealth
  3309 | D:10     | Entered Level 10 of the Dungeon
  3420 | D:10     | Found a staircase to the Orcish Mines.
  3650 | D:9      | Noticed an elephant
  3786 | D:9      | Found a staircase to the Lair.
  3850 | D:9      | Killed an elephant
  3850 | D:9      | Reached skill level 10 in Stealth
  3850 | D:9      | Reached XP level 10. HP: 34/60 MP: 11/13
  3923 | D:9      | Reached ***** piety under Cheibriados
  3935 | Lair:1   | Entered Level 1 of the Lair of Beasts
  4025 | Lair:1   | Found a dark tunnel.
  4025 | Lair:1   | Noticed a black mamba
  4034 | Lair:1   | Killed a black mamba
  4040 | Volcano  | Entered a volcano
  4042 | Volcano  | Noticed a toenail golem
  4045 | Volcano  | Killed a toenail golem
  4045 | Volcano  | Reached skill level 5 in Invocations
  4099 | Volcano  | Identified a +0 rod of inaccuracy (12/12) (You found it on level 1 of the Lair of Beasts)
  4144 | Volcano  | Reached skill level 11 in Stealth
  4303 | Volcano  | Noticed a toenail golem
  4303 | Volcano  | Noticed a toenail golem
  4312 | Volcano  | Killed a toenail golem
  4324 | Volcano  | Killed a toenail golem
  4476 | Lair:1   | You fall through a shaft!
  4577 | Lair:1   | Noticed Grum
  4594 | Lair:1   | Killed Grum
  4629 | Lair:1   | Noticed a black mamba
  4633 | Lair:1   | Killed a black mamba
  4633 | Lair:1   | Reached XP level 11. HP: 57/67 MP: 15/15
  4660 | Lair:1   | Reached skill level 12 in Stealth
  4881 | Lair:1   | Identified a scroll of acquirement
  5045 | Lair:2   | Reached skill level 5 in Fighting
  5092 | Lair:3   | Noticed a six-headed hydra
  5133 | Lair:2   | Got a warped falchion
  5134 | Lair:2   | Identified the +7 falchion "Okashok" {elec, Int+2} (You found it on level 2 of the Lair of Beasts)
  5270 | Lair:3   | Reached skill level 10 in Dodging
  5310 | Lair:3   | Learned a level 2 spell: Repel Missiles
  5313 | Lair:3   | Learned a level 2 spell: Blink
  5317 | Lair:3   | Learned a level 3 spell: Mephitic Cloud
  5322 | Lair:3   | Got a coiled platinum ring
  5323 | Lair:3   | Identified the ring of Jeinwyla {+/*Tele rElec rC+ Str+2} (You found it on level 3 of the Lair of Beasts)
  5405 | Lair:3   | Reached skill level 13 in Stealth
  5406 | Lair:3   | Reached ****** piety under Cheibriados
  5421 | Lair:3   | Noticed a five-headed hydra
  5425 | Lair:3   | Noticed Fannar
  5428 | Lair:3   | Killed a five-headed hydra
  5437 | Lair:3   | Killed Fannar
  5536 | Lair:4   | Reached skill level 14 in Stealth
  5537 | Lair:4   | Reached XP level 12. HP: 79/81 MP: 5/16
  5588 | Lair:4   | Reached skill level 15 in Stealth
  5622 | Lair:4   | Reached skill level 1 in Shields
  5622 | Lair:4   | Reached skill level 1 in Translocations
  5625 | Lair:4   | Reached skill level 1 in Air Magic
  5711 | Lair:4   | Reached XP level 13. HP: 74/88 MP: 16/18
  6084 | Lair:5   | Gained mutation: Your flesh is cold resistant. [potion of beneficial mutation]
  6147 | Lair:6   | Reached skill level 5 in Shields
  6265 | Lair:7   | Reached skill level 5 in Translocations
  6265 | Lair:7   | Reached skill level 5 in Air Magic
  6332 | Lair:8   | Entered Level 8 of the Lair of Beasts
  6350 | Lair:8   | Reached skill level 1 in Evocations
  6566 | Lair:5   | Found a snail-covered altar of Cheibriados.
  6823 | Lair:6   | Found a staircase to the Shoals.
  6987 | Lair:8   | Reached skill level 5 in Spellcasting
  6987 | Lair:8   | Reached XP level 14. HP: 94/94 MP: 21/21
  7126 | Lair:8   | Learned a level 5 spell: Aura of Abjuration
  7307 | Lair:8   | Learned a level 5 spell: Phase Shift
  7551 | Lair:3   | Killed a six-headed hydra
  7551 | Lair:3   | Reached skill level 5 in Evocations
  7818 | D:11     | Noticed a centaur skeleton
  7824 | D:11     | Killed a centaur skeleton
  7835 | D:11     | Found a shadowy altar of Dithmenos.
  7945 | Orc:1    | Entered Level 1 of the Orcish Mines
  8159 | Orc:1    | Noticed Urug
  8165 | Orc:1    | Killed Urug
  8397 | Orc:2    | Found a roughly hewn altar of Beogh.
  8524 | Orc:3    | Found Rician's Food Shoppe.
  8696 | Orc:4    | Entered Level 4 of the Orcish Mines
  9024 | Orc:4    | Killed from afar by a mature shockox beast

Action                   |  1- 3 |  4- 6 |  7- 9 | 10-12 | 13-15 || total
-------------------------+-------+-------+-------+-------+-------++-------
Melee: Long sword        |    38 |     6 |       |       |       ||    44
       Rapier            |       |    64 |   108 |   162 |   501 ||   835
       Falchion          |       |       |       |     1 |       ||     1
Throw: Throwing net      |     1 |       |       |     1 |       ||     2
       Tomahawk          |       |       |     1 |       |       ||     1
 Cast: Repel Missiles    |       |       |       |       |     1 ||     1
       Mephitic Cloud    |       |       |       |       |    10 ||    10
Invok: Slouch            |       |       |       |     3 |     7 ||    10
       Bend Time         |       |       |       |     1 |       ||     1
Evoke: Wand              |       |       |     3 |     4 |       ||     7
       Stone of tremors  |       |       |       |       |     2 ||     2
       Box of beasts     |       |       |       |       |     2 ||     2
       Lamp of fire      |       |       |       |       |     1 ||     1
  Use: Scroll            |       |     4 |    11 |    11 |     8 ||    34
       Potion            |       |     1 |       |     1 |     5 ||     7
 Stab: Sleeping          |     2 |     6 |    22 |    39 |    70 ||   139
       Distracted        |       |       |     1 |       |     4 ||     5
       Confused          |       |       |     1 |     1 |     6 ||     8
       Paralysed         |       |       |     1 |       |       ||     1
       Held in net/web   |       |       |       |     2 |       ||     2
  Eat: Chunk             |       |     2 |     4 |     4 |     3 ||    13
       Pizza             |       |       |       |     1 |       ||     1
       Fruit             |       |       |       |       |    11 ||    11
